[Event "Team 45 45 League T60"]
[Site "Internet Chess Club"]
[Date "2014.03.14"]
[Round "3"]
[White "Tamarin"]
[Black "Tobiasdelmonte"]
[Result "0-1"]
[WhiteElo "1887"]
[BlackElo "1770"]
[Opening "Trompowsky attack (Ruth, Opocenský opening)"]
[ECO "A45"]
[Time "20:07:10"]
[TimeControl "2700+45"]

1. d4 Nf6 2. Bg5 Ne4 3. Bf4 d5 4. e3 c5 5. Bd3 Nf6 6. Nf3 Nc6 7. O-O Bg4 8. c3
e6 9. Nbd2 Bd6 10. Bg3 O-O 11. Re1 Bxg3 12. hxg3 e5 13. Be2 cxd4 14. cxd4 e4 15.
Ne5 Nxe5 16. dxe5 Bxe2 17. Qxe2 Nd7 18. Red1 Qe7 19. Qb5 Nb6 20. a4 Rac8 21. a5
Rc5 22. Qb4 Nc4 23. Nb3 Rc7 24. Qxe7 Rxe7 25. Rxd5 Nxe5 26. Nc5 Nc6 27. Ra4 f5
28. Nb3 g6 29. Nd4 Nxd4 30. Raxd4 Rc7 31. Rd7 Rf7 32. Rxc7 Rxc7 33. Kf1 Kf7 34.
Ke2 Ke6 35. Kd2 Ke5 36. f4+ exf3 37. gxf3 h5 38. f4+ Ke6 39. b4 a6 40. Rd3 Rc4
41. Rd4 Rc6 42. Rd3 b6 43. axb6 Rxb6 44. Rd4 Rc6 45. Rd3 Rc4 46. Rd4 Rc6 47. Rd3
Rb6 48. Rd4 Rb5 49. e4 fxe4 50. Rxe4+ Kf5 51. Rc4 Kg4 52. Rc5 Kxg3 53. Rxb5 axb5
54. Ke3 h4 55. Kd4 h3 56. Kc5 h2 57. Kxb5 h1=Q 58. Ka6 Kxf4 59. b5 g5 60. b6
Qa8+ 61. Kb5 Qb7 {White resigns} 0-1

[Event "Team 45 45 League T60"]
[Site "Internet Chess Club"]
[Date "2014.03.16"]
[Round "3"]
[White "FourKnights"]
[Black "TheFriedFox1"]
[Result "1/2-1/2"]
[WhiteElo "1762"]
[BlackElo "1602"]
[Opening "Queen's Indian: Petrosian system"]
[ECO "E12"]
[Time "13:08:53"]
[TimeControl "2700+45"]

1. d4 e6 2. c4 Nf6 3. Nf3 b6 4. a3 Bb7 5. Nc3 Be7 6. d5 exd5 7. cxd5 O-O 8. e4
d6 9. Bd3 Nbd7 10. b4 Re8 11. O-O h6 12. h3 a5 13. Bb2 axb4 14. axb4 Rxa1 15.
Qxa1 Qa8 16. Nb5 c6 17. Nc7 Qxa1 18. Rxa1 Rc8 19. dxc6 Bxc6 20. Nd5 Bxd5 21.
exd5 Nxd5 22. b5 {Game drawn by mutual agreement} 1/2-1/2

[Event "Team 45 45 League T60"]
[Site "Internet Chess Club"]
[Date "2014.03.16"]
[Round "3"]
[White "az2112"]
[Black "fireball"]
[Result "1/2-1/2"]
[WhiteElo "1688"]
[BlackElo "1747"]
[Opening "French: Tarrasch, closed variation"]
[ECO "C05"]
[Time "21:01:54"]
[TimeControl "2700+45"]

1. e4 e6 2. d4 d5 3. Nd2 Nf6 4. e5 Nfd7 5. Bd3 c5 6. c3 Nc6 7. Ndf3 cxd4 8. cxd4
f6 9. exf6 Nxf6 10. Ne2 Bd6 11. O-O O-O 12. Bg5 Qb6 13. Qd2 Bd7 14. Rac1 Rae8
15. a3 Bb8 16. Qc2 e5 17. dxe5 Nxe5 18. Nxe5 Bxe5 19. Nc3 d4 20. Ne4 Nxe4 21.
Bxe4 h6 22. Bd2 Bb8 23. Bb4 Rf6 24. Bc5 Qc7 25. g3 Bc6 26. Bxd4 Rxe4 27. Qxe4
Bxe4 28. Rxc7 Bxc7 29. Bxf6 gxf6 30. Re1 Bc6 {Game drawn by mutual agreement}
1/2-1/2

[Event "Team 45 45 League T60"]
[Site "Internet Chess Club"]
[Date "2014.03.16"]
[Round "3"]
[White "santiagoelawad"]
[Black "Goli"]
[Result "1/2-1/2"]
[WhiteElo "1962"]
[BlackElo "1784"]
[Opening "Benko's opening"]
[ECO "A00"]
[Time "17:32:23"]
[TimeControl "2700+45"]

1. g3 g6 2. Bg2 Bg7 3. c4 Nf6 4. Nc3 O-O 5. Nf3 d6 6. O-O e5 7. d4 exd4 8. Nxd4
Nbd7 9. Bg5 h6 10. Bf4 Nc5 11. h3 Ne6 12. Nxe6 Bxe6 13. Qd3 Nd7 14. b3 Nc5 15.
Qd2 Kh7 16. Rac1 a5 17. Be3 Qc8 18. Kh2 f5 19. h4 Nd7 20. Nd5 Bxd5 21. cxd5 Nf6
22. Bf3 Qd7 23. Rc4 b6 24. Rfc1 Rac8 25. Qc2 b5 26. Rxc7 Rxc7 27. Qxc7 a4 28.
Qxd7 Nxd7 29. bxa4 bxa4 30. Rc7 Ne5 31. Ra7 Nxf3+ 32. exf3 Kg8 33. Rxa4 h5 34.
Bf4 Be5 35. Bxe5 dxe5 36. Ra6 Kf7 37. Re6 Ra8 38. Rxe5 Rxa2 39. Kg2 Rd2 40. g4
fxg4 41. fxg4 hxg4 42. Kg3 Kf6 43. Rg5 Rd4 44. Kg2 Rd3 45. Kf1 Rh3 46. Rxg4 Rd3
47. Rg5 Rd4 48. Ke2 Rxh4 49. Rg3 Ke5 50. Rd3 Kd6 51. Ke3 Rh3+ 52. f3 Rh5 53. Kf4
Rxd5 54. Rxd5+ Kxd5 55. Kg5 Ke5 56. f4+ Ke4 57. Kg4 Ke3 58. f5 gxf5+ 59. Kxf5
{Game drawn because neither player has mating material} 1/2-1/2

[Event "Team 45 45 League T60"]
[Site "Internet Chess Club"]
[Date "2014.03.17"]
[Round "3"]
[White "room-matt"]
[Black "Slypawn"]
[Result "0-1"]
[WhiteElo "1812"]
[BlackElo "1802"]
[Opening "Sicilian: Grand Prix attack"]
[ECO "B21"]
[Time "16:11:27"]
[TimeControl "2700+45"]

1. e4 c5 2. f4 d5 3. Nc3 dxe4 4. Nxe4 Qc7 5. d3 g6 6. Nf3 Bg7 7. Be2 Nf6 8. Nfg5
Nbd7 9. O-O O-O 10. Kh1 b6 11. Bf3 Bb7 12. Nc3 Rfd8 13. Nb5 Qb8 14. Re1 a6 15.
Nc3 e6 16. Nge4 Nd5 17. Nxd5 Bxd5 18. Qe2 Nf6 19. Qf2 Bb7 20. Nxf6+ Bxf6 21. Be4
Bg7 22. g4 f5 23. Bg2 Kf7 24. h3 Ra7 25. Rb1 Bd5 26. Bxd5 Rxd5 27. Be3 Qd6 28.
Qh4 h6 29. g5 h5 30. Qf2 Qc6 31. Kh2 Qa4 32. a3 Re7 33. b4 Qxa3 34. Rb3 Qa4 35.
bxc5 bxc5 36. Reb1 c4 37. Rb4 Qa2 38. dxc4 Rdd7 39. Bc5 Re8 40. Rb7 Rd8 41. Qe2
Qa4 42. Re1 Qc6 43. Rxd7+ Rxd7 44. Qe3 Rc7 45. Bb6 Rd7 46. Bc5 Rc7 47. Bb6 Rb7
48. Bc5 Rb2 49. Re2 a5 50. Bd4 Bxd4 51. Qxd4 Rb1 52. Qf6+ Kg8 53. Qxg6+ Kf8 54.
Qf6+ Kg8 55. Rg2 Qxc4 56. Rf2 Qd5 57. Rg2 Rb7 58. Qg6+ Kf8 59. Qxh5 Qd4 60. Qh4
a4 61. g6 a3 62. Qh6+ Qg7 63. Qg5 Rb8 64. c3 Ke8 65. Re2 Rb2 66. Rg2 Qb7 67.
Rxb2 Qxb2+ 68. Qg2 Qxg2+ 69. Kxg2 a2 {White resigns} 0-1

[Event "Team 45 45 League T60"]
[Site "Internet Chess Club"]
[Date "2014.03.18"]
[Round "3"]
[White "cityprosecutor"]
[Black "tsia68"]
[Result "1/2-1/2"]
[WhiteElo "1773"]
[BlackElo "1817"]
[Opening "French: King's Indian attack"]
[ECO "C00"]
[Time "16:01:13"]
[TimeControl "2700+45"]

1. e4 e6 2. d3 c5 3. g3 g6 4. Bg2 Bg7 5. f4 d6 6. Nf3 Nc6 7. O-O Nge7 8. c3 O-O
9. Re1 Qc7 10. Na3 a6 11. Nc2 b5 12. Ne3 Rb8 13. a3 a5 14. Bd2 b4 15. axb4 axb4
16. h3 Bd7 17. Ng4 f5 18. Ne3 h6 19. g4 Ra8 20. g5 h5 21. Nh4 {Game drawn by
mutual agreement} 1/2-1/2

[Event "Team 45 45 League T60"]
[Site "Internet Chess Club"]
[Date "2014.03.15"]
[Round "3"]
[White "Duguesclin"]
[Black "acejackace"]
[Result "0-1"]
[WhiteElo "1656"]
[BlackElo "1484"]
[Opening "King's Indian: Four pawns attack"]
[ECO "E76"]
[Time "15:24:14"]
[TimeControl "2700+45"]

1. d4 Nf6 2. c4 g6 3. Nc3 Bg7 4. e4 d6 5. f4 e5 6. fxe5 dxe5 7. d5 O-O 8. Nf3
Nbd7 9. Bg5 h6 10. Bh4 Re8 11. Bd3 c6 12. O-O Qb6+ 13. Bf2 Qxb2 14. Na4 Qa3 15.
Qc2 Ng4 16. h3 Nxf2 17. Rxf2 Nc5 18. Nxc5 Qxc5 19. Kh2 Bd7 20. Rb1 Rab8 21. Qe2
b6 22. Nd2 Re7 23. Nb3 Qa3 24. Qe3 Rc8 25. c5 cxd5 26. exd5 bxc5 27. Rc1 e4 28.
Rxc5 Be5+ 29. Kg1 exd3 30. Qxh6 Rxc5 31. Nxc5 Qxc5 32. Kf1 Bb5 33. Qd2 Bc3 34.
Qf4 Re1# {White checkmated} 0-1

[Event "Team 45 45 League T60"]
[Site "Internet Chess Club"]
[Date "2014.03.22"]
[Round "3"]
[White "SlimeDog2"]
[Black "lemorgado"]
[Result "1/2-1/2"]
[WhiteElo "1994"]
[BlackElo "1970"]
[Opening "Queen's pawn game"]
[ECO "D02"]
[Time "14:06:07"]
[TimeControl "2700+45"]

1. Nf3 d5 2. d4 e6 3. c4 c6 4. Nc3 f5 5. Bf4 Nf6 6. e3 Bd6 7. Bxd6 Qxd6 8. Ne5
O-O 9. c5 Qc7 10. Bd3 Nbd7 11. f4 b6 12. b4 a5 13. a3 bxc5 14. bxc5 Nxe5 15.
fxe5 Ne4 16. Ne2 Ba6 17. Bxa6 Rxa6 18. Rb1 Re8 19. O-O Raa8 20. Qc2 Rab8 21. Nc3
Rxb1 22. Rxb1 Rb8 23. Rb3 Kf7 24. Nxe4 fxe4 25. Qb2 Rxb3 26. Qxb3 Ke8 27. Kf2
Kd8 28. Ke2 Kc8 29. Kd2 Qb7 30. Kc3 Qxb3+ 31. Kxb3 Kb7 32. h3 h6 33. g3 g6 34.
h4 h5 35. Ka4 Ka6 36. Kb3 {Game drawn by mutual agreement} 1/2-1/2

[Event "Team 45 45 League T60"]
[Site "Internet Chess Club"]
[Date "2014.03.15"]
[Round "3"]
[White "Agarnez"]
[Black "sharky123"]
[Result "1-0"]
[WhiteElo "1986"]
[BlackElo "1790"]
[Opening "QGD Slav defense"]
[ECO "D10"]
[Time "17:00:14"]
[TimeControl "2700+45"]

1. d4 d5 2. c4 c6 3. Qc2 Nf6 4. e3 e6 5. Nc3 c5 6. Nf3 Nc6 7. cxd5 Nxd5 8. a3
Be7 9. Bd3 Nf6 10. O-O cxd4 11. exd4 Nxd4 12. Nxd4 Qxd4 13. Nb5 Qc5 14. Nc7+ Kd8
15. Nxa8 Bd7 16. Be3 Qxc2 17. Bxc2 Nd5 18. Bxa7 Bb5 19. Rfd1 Ke8 20. Be4 Bc6 21.
Bxd5 Bxd5 22. Nc7+ Kf8 23. Nxd5 exd5 24. Rac1 f6 25. Rc8+ {Black resigns} 1-0

[Event "Team 45 45 League T60"]
[Site "Internet Chess Club"]
[Date "2014.03.15"]
[Round "3"]
[White "jt2000"]
[Black "Manas"]
[Result "1-0"]
[WhiteElo "1964"]
[BlackElo "1713"]
[Opening "Robatsch defense: two knights variation"]
[ECO "B06"]
[Time "00:04:25"]
[TimeControl "2700+45"]

1. e4 g6 2. Nf3 Bg7 3. d4 d6 4. Nc3 a6 5. Bc4 b5 6. Bb3 e6 7. O-O Nd7 8. Bg5 Ne7
9. h3 Bb7 10. a3 Rc8 11. d5 e5 12. a4 b4 13. Na2 a5 14. Bc4 O-O 15. Be3 Nb6 16.
Bxb6 cxb6 17. Bb5 h6 18. Nd2 f5 19. f3 fxe4 20. fxe4 Rxf1+ 21. Nxf1 Qc7 22. c3
Qc5+ 23. Kh1 h5 24. cxb4 Qf2 25. Be2 axb4 26. Nxb4 Qc5 27. Nd3 Qd4 28. Bf3 Ba6
29. Ra3 Bxd3 30. Rxd3 Qxb2 31. Rb3 Qf2 32. Qe2 Qc5 33. Qb2 Qc4 34. Qb1 Qxa4 35.
Rxb6 Qc4 36. Rxd6 Qc1 37. Qxc1 Rxc1 38. Kg1 Bh6 39. Kf2 Rc2+ 40. Be2 Kf7 41. Re6
Bg7 42. Ne3 Rb2 43. Nc4 Rb4 44. Nxe5+ Bxe5 45. Rxe5 Kf6 46. Re6+ Kf7 47. Bf3 Rb7
48. Ra6 Ng8 49. e5 Ne7 50. d6 Rb2+ 51. Kg1 Nf5 52. Bd5+ Ke8 53. Ra8+ Kd7 54.
Ra7+ Kd8 55. Be6 Rb8 56. Rh7 Rb1+ 57. Kh2 Rh1+ 58. Kxh1 Ng3+ 59. Kh2 Nf1+ 60.
Kg1 {Black resigns} 1-0

[Event "Team 45 45 League T60"]
[Site "Internet Chess Club"]
[Date "2014.03.16"]
[Round "3"]
[White "WillC"]
[Black "Warpdrive"]
[Result "1-0"]
[WhiteElo "1683"]
[BlackElo "1734"]
[Opening "English, 1...Nf6 (Anglo-Indian defense)"]
[ECO "A15"]
[Time "19:01:24"]
[TimeControl "2700+45"]

1. c4 Nf6 2. g3 g6 3. Bg2 Bg7 4. Nc3 O-O 5. d3 e6 6. e4 c6 7. Nge2 d5 8. Bg5 h6
9. Bd2 dxc4 10. dxc4 Nbd7 11. O-O e5 12. h3 Nc5 13. Be3 Ne6 14. Qc1 Qc7 15. Bxh6
Kh7 16. Be3 b6 17. Rd1 Ba6 18. b3 Rad8 19. Qc2 Bb7 20. Kh2 Rxd1 21. Rxd1 Rd8 22.
Bc1 Rd7 23. Rxd7 Qxd7 24. Qd2 Qxd2 25. Bxd2 Bh6 26. Bxh6 Kxh6 27. g4 Ne8 28. Kg3
a6 29. h4 b5 30. g5+ Kg7 31. cxb5 axb5 32. b4 Nf8 33. f4 exf4+ 34. Nxf4 Bc8 35.
e5 Bd7 36. a4 bxa4 37. Nxa4 Ne6 38. Nb6 Nxf4 39. Kxf4 Be6 40. Bxc6 Nc7 41. Ke4
Bh3 42. Bd7 Bg2+ 43. Kd4 Kf8 44. Kc5 Na6+ 45. Kb5 Bf1+ 46. Ka5 Ke7 47. Bb5 Bxb5
48. Kxb5 Nxb4 49. Kxb4 Ke6 50. Nc4 Kf5 51. Kc5 Ke6 {Black resigns} 1-0